 Dungeon Crawl Stone Soup version 0.29-a0-553-g81b289dbe5 (webtiles) character file.

Game seed: 2292565498764811834

1957 Essalna the Insei (level 8, -5/70 HPs)
             Began as a Green Draconian Transmuter on June 7, 2022.
             Splashed by a jelly's acid (9 damage)
             ... on level 6 of the Dungeon.
             The game lasted 00:12:54 (7043 turns).

Essalna the Insei (Green Draconian Transmuter)      Turns: 7043, Time: 00:12:54

Health: -5/70      AC: -8    Str: 12    XL:     8   Next: 99%
Magic:  11/11      EV: 13    Int: 16    God:
Gold:   308        SH:  0    Dex: 12    Spells: 6/11 levels left

rFire   . . .      SeeInvis .     - Unarmed
rCold   . . .      Faith    .   (no shield)
rNeg    . . .      Spirit   .   (body armour unavailable)
rPois   +          Reflect  .   (helmet currently unavailable)
rElec   .          Harm     .   p - +0 cloak
rCorr   .          Rampage  .   q - +0 pair of gloves
Will    .....                   (boots currently unavailable)
Stlth   +.........              (no amulet)
HPRegen 0.21/turn               (no ring)
MPRegen 0.12/turn               (no ring)

@: short of breath, appendages, corroded
A: horns 2, talons 2, breathe noxious fumes, AC +6, unfitting armour, poison
resistance, cold-blooded
a: Breathe Noxious Fumes, End Transformation


You were on level 6 of the Dungeon.
You had temporarily grown beastly horns and talons.
You visited 1 branch of the dungeon, and saw 6 of its levels.
You also visited: Sewer.

You collected 308 gold pieces.

Inventory:

Armour
 g - a +1 pair of boots (melded)
 p - a +0 cloak (worn)
 q - a +0 pair of gloves (worn)
Wands
 f - a wand of mindburst (13)
 i - a wand of digging (2)
Scrolls
 c - 4 scrolls of noise {unknown}
 d - a scroll of immolation {unknown}
 e - a scroll of magic mapping {unknown}
 n - a scroll of fog {unknown}
 o - 8 scrolls of identify {unknown}
 r - 2 scrolls of teleportation {unknown}
 u - 2 scrolls of enchant armour {unknown}
 v - a scroll of amnesia {unknown}
 w - a scroll of blinking {unknown}
Potions
 a - a potion of lignification
 b - 2 potions of attraction {unknown}
 h - 2 potions of haste
 j - 3 potions of flight {unknown}
 k - a potion of berserk rage {unknown}
 l - 2 potions of resistance {unknown}
 m - a potion of curing
 s - a potion of brilliance {unknown}
 t - 3 potions of heal wounds {unknown}
 x - 2 potions of invisibility
 z - a potion of magic {unknown}
 A - 2 potions of experience {unknown}


   Skills:
 + Level 5.8 Fighting
 + Level 5.1 Dodging
 + Level 6.1 Unarmed Combat
 - Level 2.0 Spellcasting
 + Level 5.6 Transmutations
 + Level 4.6 Ice Magic


You had 6 spell levels left.
You knew the following spells:

 Your Spells              Type           Power      Damage    Failure   Level
a - Beastly Appendage     Tmut           38%        N/A       1%          1
b - Ice Form              Ice/Tmut       18%        N/A       26%         4

Your spell library contained the following spells:

 Spells                   Type           Power      Damage    Failure   Level
 Wereblood                Tmut           19%        N/A       3%          2
 Magic Dart               Conj           4%         1d3       21%         1
 Spider Form              Tmut/Pois      10%        N/A       21%         3
 Searing Ray              Conj           2%         2d4       30%         2
 Fulminant Prism          Conj/Hex       0%         3d6       90%         4


Dungeon Overview and Level Annotations

Branches:
Dungeon (6/15)              Sewer (visited)
 Temple: D:4-7

Altars:
Elyvilon
Wu Jian

Shops:
D:2 [   D:3 *


Innate Abilities, Weirdness & Mutations

You have temporarily grown beastly horns and talons.
You can breathe blasts of noxious fumes.
Your lurid green scales are hard. (AC +6)
You cannot fit into any form of body armour.
Your system is resistant to poisons. (rPois)
You are cold-blooded and may be slowed by cold attacks.


Message History

The jelly is almost dead.
The hound closely misses the howler monkey.
The howler monkey closely misses you.
You barely miss the jelly. You headbutt the jelly.
You tail-slap the jelly, but do no damage.
The jelly is almost dead.
The jelly barely misses you.
The howler monkey hoots and howls with incredible vigour!
You hear a shout! x4
You hit the jelly but do no damage.
Your hands burn!
* * * LOW HITPOINT WARNING * * *
The jelly is almost dead.
The jelly closely misses you.
The hound bites the jelly.
The hound is burned by acid!
The howler monkey hits you.
* * * LOW HITPOINT WARNING * * *
You completely miss the jelly. You claw the jelly, but do no damage.
You headbutt the jelly, but do no damage.
The jelly is almost dead.
The jelly hits you.
* * * LOW HITPOINT WARNING * * *
You are splashed with acid.
* * * LOW HITPOINT WARNING * * *
The hound bites the jelly.
The acid corrodes the hound!
The hound is burned by acid!
The howler monkey misses you.
You hit the jelly but do no damage.
Your hands burn!
* * * LOW HITPOINT WARNING * * *
You headbutt the jelly, but do no damage.
The jelly is almost dead.
The bullfrog closely misses you. The jelly barely misses you. x2
The howler monkey completely misses you.
The bullfrog misses you.
Okay, then.
Okay, then.
The howler monkey attacks as you move away!
The howler monkey hits you.
* * * LOW HITPOINT WARNING * * *
The jelly attacks as you move away! The jelly hits you.
* * * LOW HITPOINT WARNING * * *
The acid corrodes you!
You are splashed with acid!
You die...

. # ##≈≈≈≈≈≈..#
....##.#########..#
.#.#....#≈.≈≈≈≈≈≈..#
.......#≈..≈.≈≈≈.≈##
#.#......#########
........#...#
.#.#....##..##
>.....JF....#
#.#..h@.#..#
.$.....J.#..#
.#.##h......#
....##.......# #.##
.##....## .. .$
###..# . ... ###
.... #...


You could see a bullfrog (confused), a howler monkey (catching breath), a hound
(confused, corroded) and 2 jellies.

Vanquished Creatures
  Sigmund (D:4)
  Eustachio (D:4)
  A wyvern (D:5)
  A wraith (D:5)
  A water moccasin (D:5)
  Duvessa (D:4)
  3 ogres
  2 kobold brigands
  Dowan (D:4)
  A water moccasin skeleton (D:4)
  A centaur zombie (D:4)
  4 hounds
  2 orc priests (D:5)
  A bullfrog skeleton (D:4)
  3 iguanas
  Terence (D:2)
  2 scorpion zombies (D:4)
  A hound zombie (D:4)
  A hound skeleton (D:4)
  A howler monkey zombie (D:4)
  Robin (D:4)
  8 gnolls (D:4)
  An adder (D:4)
  3 adder zombies (D:4)
  2 adder skeletons (D:4)
  13 orcs
  8 bats
  4 endoplasms
  10 giant cockroaches
  15 goblins
  8 hobgoblins
  2 jackals (D:1)
  6 quokkas
  5 ball pythons
  A frilled lizard (Sewer)
  26 kobolds
  8 rats
151 creatures vanquished.

Vanquished Creatures (others)
  8 withered plants (D:4)
8 creatures vanquished.

Grand Total: 159 creatures vanquished

Notes
Turn   | Place    | Note
-------+----------+-------------------------------------------
     0 | D:1      | Essalna the Draconian Transmuter began the quest for the
                  | Orb.
     0 | D:1      | Reached XP level 1. HP: 16/16 MP: 3/3
   245 | D:1      | Reached XP level 2. HP: 23/23 MP: 3/5
   876 | D:2      | Reached XP level 3. HP: 15/29 MP: 4/6
  1247 | D:2      | Found a faded altar of an unknown god.
  1593 | D:2      | Noticed Terence
  1614 | D:2      | Killed Terence
  1932 | D:2      | Found Ableapre's Antique Armour Boutique.
  1936 | D:2      | Reached XP level 4. HP: 36/36 MP: 5/7
  1941 | D:2      | Learned a level 4 spell: Ice Form
  2026 | D:3      | Found Fosuzo's Assorted Antiques.
  2692 | D:4      | Reached skill level 1 in Ice Magic
  2692 | D:4      | Reached XP level 5. HP: 22/42 MP: 8/8
  2884 | D:4      | Reached skill level 4 in Unarmed Combat
  3037 | D:4      | Noticed an ogre
  3100 | D:4      | Killed an ogre
  3101 | D:4      | Reached XP level 6. HP: 24/51 MP: 6/9
  3462 | D:4      | Noticed Robin
  3464 | D:4      | Noticed Sigmund
  3972 | D:4      | Your scales start taking on a lurid green colour.
  3972 | D:4      | Reached XP level 7. HP: 54/55 MP: 10/10
  3972 | D:4      | Gained mutation: Your system is resistant to poisons.
                  | (rPois) [Green Draconian growth]
  4046 | D:4      | Noticed Duvessa
  4068 | D:4      | Killed Duvessa
  4071 | D:4      | Noticed Dowan
  4077 | D:4      | Found an ornate altar of the Wu Jian Council.
  4079 | D:4      | Noticed Eustachio
  4297 | D:4      | Killed Eustachio
  4311 | D:4      | Killed Sigmund
  4312 | D:4      | Reached skill level 5 in Unarmed Combat
  4500 | D:4      | Killed Robin
  4521 | D:4      | Killed Dowan
  4522 | D:4      | Reached XP level 8. HP: 44/67 MP: 11/11
  4740 | D:5      | Entered Level 5 of the Dungeon
  5056 | D:5      | Reached skill level 5 in Fighting
  5364 | D:5      | Reached skill level 5 in Transmutations
  5561 | D:5      | Found a white marble altar of Elyvilon.
  6043 | D:5      | Reached skill level 5 in Dodging
  6043 | D:5      | Reached skill level 6 in Unarmed Combat
  6477 | D:6      | Found a glowing drain.
  6496 | Sewer    | Entered a sewer
  7043 | D:6      | Splashed by a jelly's acid

Illustrated notes

Levels and vault maps discovered:
D:1:      dpeg_arrival_another_circle, layout_rooms
D:2:      layout_basic, basic_ecumenical_altar, serial_shops, shop, uniq_terence
D:3:      layout_loops_ring, serial_shops, shop, minmay_surrounded
D:4:      layout_loops_cross, lemuel_crystal_altar, serial_undead,
          serial_undead_a, serial_undead_e, serial_undead_b, serial_undead_f,
          serial_undead_f, serial_undead_a, uniq_duvessa, uniq_robin,
          uniq_sigmund, uniq_eustachio
D:5:      layout_basic, kennysheep_little_box, minmay_misc_feat_five
D:6:      minmay_recursive_quarters, layout_cave_pools,
          mainiacjoe_overflow_surrounded_room,
          grunt_temple_overflow_order_and_chaos_2, minmay_temple_entry_poolview,
          gup_sewer_entry_pipe, eino_small_chamber_without_monster,
          st_stairs_11, minmay_hedge_maze, roderic_serpentine_path, uniq_pikel

Skill      XL: |  1  2  3  4  5  6  7  8 |
---------------+-------------------------+-----
Dodging        | 2 3 4 5 |  5.1
Fighting       | 2 3 4 5 |  5.8
Transmutations | 3 4 5 |  5.6
Ice Magic      | 1 2 3 4 |  4.6
Unarmed Combat | 4 5 6 |  6.1
Spellcasting   | |  2.0

Action                   |  1- 3 |  4- 6 |  7- 9 || total
-------------------------+-------+-------+-------++-------
Melee: Unarmed           |    94 |   148 |   241 ||   483
       Kick              |    17 |    43 |    69 ||   129
       Headbutt          |     8 |    30 |    40 ||    78
       Tailslap          |     5 |    25 |    29 ||    59
       Punch             |     1 |     6 |    14 ||    21
 Cast: Beastly Appendage |    29 |    26 |    38 ||    93
 Abil: Breathe Noxious F |       |       |    13 ||    13
Evoke: Wand              |       |       |     6 ||     6
 Stab: Confused          |       |       |     6 ||     6
Armor: Skin              |    40 |    58 |   101 ||   199
Dodge: Dodged            |    59 |   106 |   203 ||   368

Table legend: (Time is in decaauts)
 A = Elapsed time spent in this place.
 B = Non-inter-level travel time spent in this place.
 C = Inter-level travel time spent in this place.
 D = Time resting spent in this place.
 E = Time spent auto-exploring this place.
 F = Levels seen in this place.
 G = Mean time per level.
                   A        B        C        D        E       F      G
               +--------+--------+--------+--------+--------+-----+--------+
         Total |   7063 |   6899 |    164 |      0 |   5643 |   7 | 1009.0 |
       Dungeon |   6537 |   6373 |    164 |      0 |   5253 |   6 | 1089.5 |
         Sewer |    526 |    526 |      0 |      0 |    389 |   1 |  526.0 |
               +--------+--------+--------+--------+--------+-----+--------+

Top non-repeatable levels by time:
     D:4: 2079 daAuts
     D:5: 1706 daAuts
     D:2: 1293 daAuts
     D:1: 723 daAuts
     D:3: 619 daAuts
   Sewer: 526 daAuts
     D:6: 115 daAuts
